Map: Glittering Ashes LE

Players

Pumba - Winner!

  • Race: Protoss Protoss
  • League: Master
  • Spawn Location: 1:00

Android

  • Race: Zerg Zerg
  • League: Master
  • Spawn Location: 7:00

VOD

Have the link to the VOD?

Description

Time

  • Played on: April 5, 2022, 5:35 p.m.
  • Length: 12:08
Show
View Real Time Build Order
Export as new Build Order

Pumba Protoss - Winner!

Build Orders: 1 Gate Expand, Oracle Opening 

Get SALT Encoding   

  12  0:00  Probe  
  13  0:17  Pylon  
  13  0:18  Probe (Chrono Boost)  
  15  0:29  Probe (Chrono Boost)  
  15  0:34  Probe (Chrono Boost)  
  16  0:44  Gateway  
  16  0:45  Probe  
  16  0:49  Assimilator  
  18  0:57  Probe  
  18  1:09  Probe  
  19  1:21  Probe  
  20  1:30  Nexus  
  20  1:36  Cybernetics Core  
  20  1:38  Probe  
  21  1:45  Assimilator  
  21  1:50  Probe  
  22  1:54  Pylon  
  22  2:02  Probe  
  23  2:11  Adept (Chrono Boost)  
  23  2:14  Probe  
  26  2:25  Stargate  
  26  2:26  Probe (Chrono Boost)  
  27  2:33  Adept  
  29  2:37  Warp Gate  
  29  2:39  Probe (Chrono Boost)  
  31  2:44  Probe (Chrono Boost)  
  31  2:47  Probe (Chrono Boost)  
  33  2:51  Probe (Chrono Boost)  
  33  2:55  Probe (Chrono Boost)  
  33  2:56  Probe (Chrono Boost)  
  35  3:05  Probe  
  36  3:08  Probe  
  37  3:14  Oracle  
  37  3:18  Probe (Chrono Boost)  
  39  3:20  Probe (Chrono Boost)  
  39  3:21  Gateway  
  40  3:28  Pylon  
  40  3:32  Probe (Chrono Boost)  
  42  3:35  Probe (Chrono Boost)  
  42  3:36  Adept  
  42  3:38  Probe (Chrono Boost)  
  45  3:41  Probe  
  45  3:47  Nexus, Probe  
  47  3:52  Oracle  
  47  3:54  Probe  
  51  3:57  Pylon  
  51  4:03  Probe  
  51  4:06  Probe  
  53  4:12  Pylon  
  53  4:14  Assimilator  
  53  4:15  Probe  
  54  4:17  Twilight Council  
  54  4:18  Assimilator  
  54  4:19  Forge  
  54  4:21  Probe  
  55  4:28  Phoenix (Chrono Boost), Probe  
  58  4:44  Adept  
  58  4:45  Adept, Probe (Chrono Boost)  
  64  4:50  Probe (Chrono Boost)  
  64  4:56  Probe (Chrono Boost)  
  64  4:59  Gateway  
  66  5:00  Gateway  
  66  5:03  Probe x2 (Chrono Boost)  
  66  5:05  Shield Battery, Probe (Chrono Boost)  
  68  5:11  Probe (Chrono Boost)  
  68  5:13  Probe (Chrono Boost)  
  68  5:14  Probe (Chrono Boost)  
  71  5:15  Probe (Chrono Boost)  
  69  5:21  Blink  
  69  5:22  Probe  
  69  5:24  Probe  
  69  5:27  Protoss Ground Weapons Level 1 (Chrono Boost), Probe  
  72  5:33  Sentry x2  
  72  5:34  Probe  
  77  5:36  Probe  
  77  5:37  Assimilator  
  77  5:39  Probe  
  77  5:40  Robotics Facility  
  77  5:41  Assimilator  
  79  5:43  Pylon  
  79  5:44  Pylon  
  79  5:46  Probe, Pylon  
  79  5:48  Probe  
  79  5:49  Pylon  
  81  5:51  Probe  
  82  5:58  Probe  
  82  6:00  Probe  
  82  6:03  Probe  
  85  6:10  Sentry x4, Probe  
  90  6:12  Probe  
  90  6:15  Probe  
  92  6:23  Gateway  
  92  6:25  Gateway  
  93  6:28  Gateway x2  
  93  6:29  Pylon  
  93  6:31  Pylon  
  92  6:33  Pylon  
  92  6:37  Pylon  
  92  6:42  Stalker x4  
  92  6:46  Shield Battery  
  100  6:47  Shield Battery  
  100  6:51  Photon Cannon  
  100  6:52  Probe  
  101  6:54  Photon Cannon  
  101  6:55  Observer (Chrono Boost)  
  101  6:58  Robotics Facility  
  101  7:00  Robotics Bay  
  102  7:03  Nexus  
  102  7:06  Probe  
  102  7:07  Shield Battery, Photon Cannon  
  103  7:14  Stalker x4  
  111  7:23  Stalker x3  
  111  7:28  Warp Prism (Chrono Boost)  
  117  7:30  Protoss Ground Weapons Level 2 (Chrono Boost)  
  119  7:38  Gateway  
  119  7:39  Gateway  
  119  7:45  Colossus (Chrono Boost)  
  125  7:52  Extended Thermal Lance  
  125  7:53  Colossus (Chrono Boost)  
  125  7:54  Stalker x2  
  135  8:00  Stalker x2  
  135  8:02  Sentry  
  137  8:13  Stalker x3  
  141  8:21  Cybernetics Core  
  137  8:31  Disruptor (Chrono Boost)  
  140  8:39  Disruptor (Chrono Boost), Pylon  
  140  8:41  Pylon  
  143  8:42  Pylon  
  143  8:49  Charge (Chrono Boost)  
  143  8:53  Zealot x7  
  143  8:54  Zealot  
  159  9:00  Assimilator  
  159  9:01  Disruptor (Chrono Boost)  
  159  9:02  Assimilator  
  162  9:05  Disruptor, Pylon x2  
  162  9:07  Pylon  
  165  9:28  Stalker x5  
  175  9:33  Disruptor  
  178  9:41  Disruptor  
  181  9:45  Protoss Ground Armor Level 1 (Chrono Boost)  
  165  10:08  Disruptor  
  165  10:12  Stalker x8  
  167  10:17  Disruptor  
  156  10:30  Gateway  
  156  10:31  Gateway  
  156  10:33  Gateway  
  156  10:34  Templar Archives  
  156  10:35  Gateway  
  152  10:36  Stalker x5  
  152  10:37  Stalker x3  
  168  10:56  Nexus  
  168  11:00  Assimilator  
  168  11:09  Disruptor x2  
  147  11:41  Stalker x12  
  167  11:53  Probe x4  
Show
View Real Time Build Order
Export as new Build Order

Android Zerg 

Build Orders: Hatch First 

Get SALT Encoding   

  12  0:00  Drone  
  13  0:12  Overlord  
  13  0:16  Drone  
  14  0:30  Drone x2  
  16  0:47  Hatchery  
  15  0:52  Drone  
  15  0:54  Drone  
  17  1:06  Drone  
  17  1:07  Drone  
  17  1:08  Extractor  
  18  1:17  Spawning Pool  
  17  1:23  Drone  
  18  1:37  Drone  
  19  1:44  Drone  
  20  1:54  Drone  
  21  2:00  Drone x2  
  23  2:04  Queen  
  25  2:13  Hatchery  
  24  2:16  Metabolic Boost  
  24  2:19  Drone  
  25  2:24  Overlord  
  25  2:28  Drone  
  27  2:30  Drone  
  27  2:32  Drone  
  28  2:41  Queen  
  30  2:44  Zergling x4  
  30  2:46  Zergling x2  
  33  2:52  Queen  
  33  2:56  Overlord  
  35  3:00  Overlord  
  34  3:12  Drone x4  
  36  3:14  Spore Crawler  
  36  3:18  Drone x3  
  38  3:26  Drone x2  
  40  3:30  Queen  
  42  3:37  Queen  
  42  3:39  Drone  
  42  3:41  Drone  
  46  3:46  Drone  
  46  3:47  Drone x2  
  49  3:52  Overlord  
  49  3:54  Overlord  
  48  4:03  Spore Crawler  
  48  4:04  Drone  
  48  4:06  Spore Crawler  
  48  4:09  Spore Crawler  
  46  4:12  Drone x6  
  46  4:14  Drone  
  53  4:22  Roach Warren  
  51  4:27  Drone  
  51  4:28  Drone  
  51  4:30  Drone  
  54  4:33  Overlord x2  
  54  4:36  Drone x3  
  54  4:37  Drone  
  58  4:39  Drone  
  59  4:49  Drone  
  59  4:50  Drone x5, Extractor  
  59  4:51  Extractor  
  59  4:52  Lair  
  63  5:04  Hatchery, Evolution Chamber  
  61  5:10  Drone  
  61  5:11  Drone x3  
  61  5:13  Extractor  
  62  5:15  Drone x5  
  62  5:16  Drone  
  67  5:25  Drone x6  
  69  5:32  Drone  
  69  5:35  Zerg Missile Weapons Level 1  
  70  5:36  Drone x2  
  70  5:39  Drone  
  70  5:40  Drone x2  
  75  5:48  Overlord x3  
  73  6:07  Roach  
  73  6:08  Roach x7  
  73  6:11  Drone x2  
  88  6:19  Roach  
  88  6:20  Roach x2  
  88  6:24  Extractor  
  93  6:27  Drone  
  93  6:28  Drone x2, Overlord x3  
  96  6:39  Overlord x4  
  96  6:41  Glial Reconstitution  
  96  6:55  Roach x6  
  96  6:56  Roach x4  
  116  7:02  Roach x5  
  126  7:11  Roach x6  
  135  7:16  Drone  
  135  7:20  Roach x3  
  141  7:23  Spore Crawler  
  141  7:29  Zerg Missile Weapons Level 2  
  140  7:34  Roach x7  
  154  7:38  Overlord x2  
  154  7:39  Overlord  
  154  7:47  Roach  
  154  7:48  Roach x2  
  160  7:52  Overlord x3  
  160  7:58  Roach x3  
  166  7:59  Roach  
  164  8:12  Roach x4  
  160  8:13  Roach x4  
  160  8:16  Roach  
  160  8:17  Roach  
  160  8:18  Zergling x2  
  160  8:19  Zergling x2  
  146  8:29  Roach  
  146  8:30  Roach x5  
  150  8:39  Roach x5  
  158  8:46  Roach x4  
  164  8:50  Roach x2  
  168  8:57  Roach x2  
  168  8:58  Roach x3  
  178  9:03  Roach x2  
  178  9:04  Roach  
  184  9:11  Roach x4  
  184  9:16  Roach x3  
  198  9:42  Roach  
  162  10:03  Roach  
  162  10:04  Roach x18  
  130  10:15  Roach x8  
  130  10:16  Roach x2  
  130  10:19  Roach  
  130  10:20  Roach  
  130  10:24  Roach x2  
  126  10:30  Roach x2  
  126  10:34  Roach  
  130  10:36  Roach  
  130  10:38  Roach  
  134  10:48  Roach x2  
  138  10:50  Roach  
  140  10:58  Roach x2  
  140  11:02  Roach x5  
  140  11:03  Roach x2  
  158  11:07  Roach  
  158  11:08  Roach  
  162  11:17  Roach  
  162  11:18  Roach x2  
  142  11:20  Roach x2  
  108  11:26  Roach  
  108  11:29  Roach x4  
  110  11:38  Roach x3  
  98  11:46  Roach x4  
Tags
 
Add a new tag
Caveats
  • Supply blocks, unpowered buildings, or Contaminate may cause inaccurate times.
  • Supply counts are checked every 10 seconds.